Map: Kairos Junction LE

Players

YohaEng - Winner!

  • Race: Terran Terran
  • Spawn Location: 5:00

VOD

Have the link to the VOD?

Description

Time

  • Played on: April 29, 2019, 12:49 p.m.
  • Length: 22:06
Show
View Real Time Build Order
Export as new Build Order

YohaEng Terran - Winner!

Build Orders:  

Get SALT Encoding   

  12  0:02  SCV  
  13  0:19  SCV  
  14  0:28  Supply Depot  
  14  0:36  SCV  
  15  0:42  Refinery  
  15  0:58  SCV  
  16  1:04  Barracks  
  16  1:15  SCV  
  17  1:31  SCV  
  18  1:48  SCV  
  19  2:11  Orbital Command  
  19  2:23  Command Center  
  20  2:33  Reaper  
  20  2:48  SCV  
  21  3:12  Supply Depot  
  21  3:42  Barracks Reactor  
  21  3:45  SCV  
  22  3:55  Factory  
  22  4:02  SCV  
  23  4:13  Orbital Command  
  23  4:18  Bunker  
  23  4:19  SCV  
  24  4:30  Refinery  
  24  4:36  SCV  
  25  4:42  Marine x2  
  27  4:53  SCV  
  27  4:59  SCV  
  29  5:00  Supply Depot  
  29  5:03  Widow Mine  
  29  5:07  Marine x2  
  31  5:10  SCV  
  31  5:13  Starport  
  31  5:16  SCV  
  35  5:27  SCV, Supply Depot  
  36  5:32  Marine  
  36  5:33  SCV, Widow Mine  
  38  5:44  SCV  
  41  5:50  SCV  
  42  6:00  Supply Depot  
  42  6:01  SCV  
  42  6:07  SCV, Starport Tech Lab  
  44  6:15  Fusion Core  
  44  6:19  Refinery  
  44  6:23  SCV  
  44  6:24  SCV  
  44  6:25  Refinery  
  44  6:29  Marine x2  
  50  6:40  SCV  
  50  6:41  SCV  
  50  6:43  Factory Tech Lab  
  50  6:57  SCV  
  50  6:58  SCV  
  52  7:00  Barracks  
  52  7:01  Barracks  
  52  7:05  Barracks  
  52  7:14  SCV  
  52  7:15  SCV  
  54  7:46  SCV x2  
  56  7:56  Armory  
  56  8:01  Engineering Bay  
  56  8:03  SCV x2  
  56  8:09  Command Center  
  58  8:17  Starport  
  58  8:20  SCV x2  
  60  8:37  SCV x2, Widow Mine  
  63  8:52  Marine x2  
  63  8:54  SCV x2  
  67  9:00  Barracks Tech Lab  
  67  9:04  Barracks Reactor  
  67  9:09  Barracks Reactor  
  67  9:11  SCV x2  
  67  9:17  Marine  
  70  9:20  Supply Depot  
  70  9:32  Starport Tech Lab  
  70  9:37  Drilling Claws  
  70  9:39  Widow Mine  
  70  9:43  Terran Ship Weapons Level 1  
  70  9:49  SCV x2, Marine x2  
  76  9:51  Terran Infantry Weapons Level 1, Armory  
  76  10:06  SCV x2  
  76  10:09  Widow Mine  
  76  10:14  Marine  
  76  10:23  SCV x2  
  75  10:39  Widow Mine  
  72  11:22  Refinery  
  72  11:23  Refinery  
  72  11:32  Unknown  
  72  11:54  Terran Vehicle And Ship Armor Level 1  
  72  12:07  Battlecruiser x2  
  84  12:11  Starport  
  84  12:37  Planetary Fortress  
  84  12:38  Supply Depot  
  84  12:49  Supply Depot  
  84  13:00  Marine x3  
  84  13:01  Marine x3  
  90  13:14  SCV  
  90  13:15  SCV  
  92  13:25  Marine x3  
  92  13:26  Marine x2  
  97  13:31  SCV  
  97  13:32  SCV  
  97  13:36  Starport Tech Lab  
  97  13:37  Battlecruiser  
  105  13:43  Supply Depot  
  105  13:44  Supply Depot x2  
  105  13:45  Supply Depot  
  105  13:49  Supply Depot  
  105  13:58  Supply Depot  
  105  14:01  Terran Ship Weapons Level 2  
  105  14:13  Battlecruiser x2  
  117  14:22  SCV x2  
  117  14:23  SCV  
  117  14:27  Marine x4  
  117  14:28  Marine x2  
  126  14:39  SCV x2, Stimpack  
  128  14:40  SCV  
  128  14:42  Command Center  
  128  14:44  Terran Infantry Weapons Level 2  
  128  14:47  Terran Vehicle And Ship Armor Level 2  
  129  14:52  Marine x4  
  129  14:53  Marine x2  
  129  14:56  Widow Mine x2  
  139  15:17  Marine x4  
  139  15:18  Marine x2  
  145  15:26  Widow Mine x2  
  145  15:38  Battlecruiser  
  155  15:42  Marine x2  
  157  16:12  Widow Mine x2  
  157  16:22  Marine x5, Battlecruiser  
  172  16:55  Supply Depot  
  172  16:56  Supply Depot  
  172  16:57  Supply Depot, Refinery  
  172  16:58  Supply Depot  
  172  17:00  Supply Depot x2  
  172  17:04  Supply Depot  
  172  17:05  Supply Depot  
  172  17:06  Supply Depot  
  172  17:10  Unknown  
  172  17:16  Widow Mine x2  
  172  17:22  Terran Ship Weapons Level 3  
  172  17:25  SCV, Marine x5, Viking  
  172  17:26  SCV, Marine, Viking  
  188  17:32  SCV  
  189  17:43  SCV  
  189  17:46  Missile Turret  
  190  17:50  Marine x5  
  190  17:51  Marine, Missile Turret  
  190  17:55  Missile Turret  
  196  18:02  Missile Turret  
  196  18:04  Missile Turret  
  196  18:08  Viking  
  198  18:10  Missile Turret  
  198  18:13  Refinery  
  198  18:15  Marine x2  
  200  18:24  Missile Turret  
  200  18:25  Missile Turret  
  200  18:27  Missile Turret  
  194  18:51  Unknown  
  193  19:01  Battlecruiser  
  183  19:26  Unknown  
  180  19:40  Command Center  
  180  19:41  Unknown  
  180  19:47  Unknown  
  178  19:58  Command Center  
  173  20:18  Marine x2  
  173  20:19  Marine x4  
  172  20:43  Marine x2  
  172  20:44  Marine x2, Marauder x2  
  196  21:08  Marine x3  
  196  21:09  Marine  
  199  21:14  Marine  
  199  21:15  Unknown  
  200  21:35  Command Center  
Tags
 
Add a new tag
Caveats
  • Supply blocks, unpowered buildings, or Contaminate may cause inaccurate times.
  • Supply counts are checked every 10 seconds.